 Dungeon Crawl Stone Soup version 0.29-a0-486-ga88943ba61 (webtiles) character file.

Game seed: 522178622506369865

29186 Morbidden the Grappler (level 13, -19/118 HPs)
             Began as a Troll Venom Mage on May 26, 2022.
             Was the Champion of Cheibriados.
             Demolished by Urug
             ... wielding a +4 eveningstar
              (28 damage)
             ... on level 2 of the Lair of Beasts.
             The game lasted 00:36:51 (16833 turns).

Morbidden the Grappler (Troll Venom Mage)          Turns: 16833, Time: 00:36:51

Health: -19/118    AC:  2    Str: 34    XL:     13   Next: 13%
Magic:  12/21      EV: 29    Int: 36    God:    Cheibriados [******]
Gold:   1329       SH:  0    Dex: 36    Spells: 10/24 levels left

rFire   . . .      SeeInvis .     - Unarmed
rCold   . . .      Faith    .   (shield currently unavailable)
rNeg    . . .      Spirit   .   (body armour currently unavailable)
rPois   x          Reflect  .   (helmet currently unavailable)
rElec   .          Harm     .   (cloak currently unavailable)
rCorr   .          Rampage  .   (gloves unavailable)
Will    .....                   (boots unavailable)
Stlth   +++.......              g - amulet of magic regeneration
HPRegen 1.09/turn               y - +6 ring of dexterity
MPRegen 0.57/turn               G - +6 ring of intelligence

@: spider-form, very slow
A: venomous fangs, tiny, unfitting armour, (claws 3), regeneration 1, (shaggy
fur 1), (tough skin 1)
a: End Transformation, Renounce Religion, Bend Time, Temporal Distortion,
Slouch, Step From Time


You were on level 2 of the Lair of Beasts.
You worshipped Cheibriados.
Cheibriados was exalted by your worship.
You were a venomous arachnid creature.
You visited 2 branches of the dungeon, and saw 14 of its levels.
You also visited: Ossuary and Bailey.

You collected 1465 gold pieces.
You spent 136 gold pieces at shops.

Inventory:

Missiles
 q - 26 boomerangs (quivered)
 s - 51 poisoned darts
 u - 7 throwing nets
 x - 11 javelins
Armour
 E - +0 steam dragon scales
 F - +0 acid dragon scales (melded)
 N - a +1 hat of willpower (melded)
Jewellery
 g - an amulet of magic regeneration (around neck)
 k - a ring of resist corrosion
 v - a ring of poison resistance
 w - a ring of ice
 y - a +6 ring of dexterity (left front leg)
 G - a +6 ring of intelligence (right front leg)
Wands
 a - a wand of acid (4)
 o - a wand of mindburst (11)
 t - a wand of flame (47)
 B - a wand of iceblast (7)
Scrolls
 d - a scroll of amnesia
 f - 3 scrolls of teleportation
 h - a scroll of enchant weapon
 i - 2 scrolls of blinking
 p - 4 scrolls of enchant armour
 D - a scroll of fear
 H - 3 scrolls of magic mapping
 K - a scroll of silence
 L - a scroll of identify
Potions
 b - 3 potions of magic
 c - 4 potions of cancellation {unknown}
 e - 2 potions of ambrosia
 j - 2 potions of lignification {unknown}
 l - 6 potions of mutation {unknown}
 m - 3 potions of flight {unknown}
 n - 2 potions of haste
 r - 5 potions of brilliance
 z - 2 potions of curing
 A - 3 potions of might
 C - 2 potions of attraction {unknown}
 I - a potion of invisibility {unknown}
 J - a potion of resistance
 M - a potion of heal wounds


   Skills:
 * Level 5.2 Fighting
 * Level 5.0 Throwing
 + Level 0.7 Armour
 * Level 5.7 Dodging
 + Level 1.7 Stealth
 * Level 10.1 Unarmed Combat
 * Level 6.3 Spellcasting
 * Level 4.8 Transmutations
 * Level 4.5 Air Magic
 + Level 6.2 Poison Magic
 * Level 6.5 Invocations
 + Level 0.2 Evocations


You had 10 spell levels left.
You knew the following spells:

 Your Spells              Type           Power      Damage    Failure   Level
a - Airstrike             Air            21%        N/A       16%         4
b - Olgreb's Toxic Radia  Pois           54%        N/A       10%         4
c - Sting                 Tmut/Pois      100%       1d8       3%          1
x - Poisonous Vapours     Pois/Air       100%       N/A       3%          2
z - Spider Form           Tmut/Pois      50%        N/A       5%          3

Your spell library contained the following spells:

 Spells                   Type           Power      Damage    Failure   Level
 Shock                    Conj/Air       100%       1d9       6%          1
 Swiftness                Air            43%        N/A       7%          3
 Mephitic Cloud           Conj/Pois/Air  37%        N/A       9%          3
 Apportation              Tloc           22%        N/A       11%         1
 Magic Dart               Conj           44%        1d5       11%         1
 Necrotize                Necr           44%        1d6       11%         1
 Summon Small Mammal      Summ           44%        N/A       11%         1
 Blink                    Tloc           22%        N/A       14%         2
 Call Imp                 Summ           11%        N/A       14%         2
 Ensorcelled Hibernation  Hex/Ice        22%        N/A       14%         2
 Scorch                   Fire           22%        2d6       14%         2
 Summon Guardian Golem    Hex/Summ       11%        N/A       24%         3
 Tukima's Dance           Hex            11%        N/A       24%         3
 Anguish                  Hex/Necr       5%         N/A       54%         4
 Flame Wave               Conj/Fire      11%        2d5       54%         4
 Passage of Golubria      Tloc           11%        N/A       54%         4
 Yara's Violent Unravell  Hex/Tmut       14%        3d7       56%         5
 Freezing Cloud           Conj/Ice/Air   11%        6-21      67%         5
 Manifold Assault         Tloc           11%        N/A       85%         5
 Storm Form               Tmut/Air       22%        N/A       99%         7
 Simulacrum               Ice/Necr       5%         N/A       100%        6
 Summon Cactus Giant      Summ           5%         N/A       100%        6
 Orb of Destruction       Conj           5%         9d5       100%        7
 Spellforged Servitor     Conj/Summ      5%         N/A       100%        7
 Polar Vortex             Ice            5%         N/A       100%        9


Dungeon Overview and Level Annotations

Branches:
Dungeon (12/15)            Temple (0/1) D:5            Lair (2/6) D:9
    Orc (0/2) D:10        Ossuary (visited)          Bailey (visited)
  Swamp: Lair:2-4    Shoals: Lair:2-4     Snake: Lair:2-4    Spider: Lair:2-4

Altars:
Cheibriados
Uskayaw
Wu Jian
Yredelemnul
Beogh

Shops:
D:6 *

Annotations:
D:4 2 transporters
D:6 1 runed translucent door, Crazy Yiuf
D:7 3 runed translucent doors, bezhaha's ghost, novice DgEE
D:11 Erolcha
Lair:1 6 runed translucent doors
Lair:2 Urug


Innate Abilities, Weirdness & Mutations

You are a venomous arachnid creature.
You have poisonous fangs.
You are tiny and dextrous.
Your spellcasting is less reliable in this form.
Your armour is entirely melded.
You are incapable of wielding weapons or throwing items.
You are too large for most types of armour.
((You have claws for hands.))
Your natural rate of healing is unusually fast.
((You are covered in fur. (AC +1)))
((You have tough skin. (AC +1)))


Message History

Press: ? - help, Dir - move target, f - Urug
Aim: Urug, wielding a +4 eveningstar, wearing a +2 scale mail of willpower and quivering javelins (heavily wounded, extremely poisoned, empty space bonus: 2/8)
The air twists around and strikes Urug.
Urug is heavily wounded.
Urug hits you with a +4 eveningstar!
You barely miss Urug.
Urug is heavily wounded.
Unknown command.
You hit Urug.
Urug looks as sick as possible!
Urug is heavily wounded.
Urug hits you with a +4 eveningstar!
Unknown command.
You hit Urug but do no damage.
Urug looks as sick as possible!
Urug is heavily wounded.
A wolf comes into view.
Urug misses you.
Unknown command.
Casting: Airstrike (dangerous; 16% risk of failure)
Confirm with . or Enter, or press ? or * to list all spells.
Aiming: Airstrike (dangerous; 16% risk of failure)
Press: ? - help, Dir - move target, f/p - Urug
Aim: Urug, wielding a +4 eveningstar, wearing a +2 scale mail of willpower and quivering javelins (heavily wounded, extremely poisoned, empty space bonus: 2/8)
The air twists around and strikes Urug.
Urug is heavily wounded.
The wolf howls!
Urug completely misses you.
Unknown command.
Casting: Airstrike (dangerous; 16% risk of failure)
Confirm with . or Enter, or press ? or * to list all spells.
Okay, then.
Unknown command.
Casting: Airstrike (dangerous; 16% risk of failure)
Confirm with . or Enter, or press ? or * to list all spells.
You begin to radiate toxic energy.
The wolf is poisoned.
The wolf looks even sicker.
Urug hits you with a +4 eveningstar!!
* * * LOW HITPOINT WARNING * * *
The wolf looks even sicker.
Your toxic aura wanes.
Urug hits you with a +4 eveningstar!!
You die...

.> ###.. .# ...#
.....## #.. .#...
.#.. .... ......
..# ..#.... ###o#
. .......
#.#s###..
.......##.h.#....
..........$.......
..................
..................
..................
.........#.###P#..
........#### ###.
..#......#


You could see Urug (extremely poisoned) and a wolf (very poisoned).

Vanquished Creatures
  Harold (Lair:1)
  2 hydras (Lair:1)
  2 boulder beetles (D:10)
  A centaur warrior (D:10)
  3 two-headed ogres
  2 orc knights
  A deep elf pyromancer (D:12)
  A wolf spider (Lair:1)
  A manticore (D:11)
  6 cane toads
  A kobold demonologist (D:10)
  3 komodo dragons
  2 yaktaurs (D:10)
  2 burning bushes (Lair:1)
  2 trolls
  2 hornets
  2 jumping spiders (Lair:1)
  2 shadows
  6 wyverns
  A basilisk (Lair:1)
  27 yaks
  6 wraiths
  2 steam dragons
  2 vampire mosquitoes (D:12)
  2 redbacks (Lair:1)
  2 acid dragons (D:10)
  Duvessa (D:5)
  11 water moccasins
  2 ice beasts
  14 orc warriors
  A black bear (D:8)
  2 ogres
  10 wolves
  2 centaurs
  2 phantoms
  9 kobold brigands
  10 bullfrogs
  4 gnoll sergeants
  6 scorpions
  10 wights
  Dowan (D:5)
  16 killer bees
  5 howler monkeys
  4 hounds
  10 orc priests
  A gnoll shaman (D:4)
  A jelly (D:6)
  Jessica (D:2)
  6 iguanas
  16 orc wizards
  6 ogre zombies (D:10)
  A hound zombie (D:3)
  8 mummies (Ossuary)
  Robin (D:4)
  31 gnolls
  8 adders
  A white imp (D:7)
  An ufetubus (D:6)
  An adder zombie (D:3)
  2 worms (D:3)
  2 dart slugs
  59 orcs
  9 bats
  10 endoplasms
  7 giant cockroaches
  A gnoll zombie (Ossuary)
  21 goblins
  12 hobgoblins
  8 jackals
  3 quokkas
  9 ball pythons
  A frilled lizard (D:4)
  A goblin skeleton (D:10)
  3 goblin zombies (D:10)
  2 hobgoblin skeletons (D:10)
  2 hobgoblin zombies
  21 kobolds
  4 kobold zombies (Ossuary)
  3 orc skeletons (D:10)
  11 orc zombies
  7 rats
485 creatures vanquished.

Vanquished Creatures (others)
  A wizard (D:10)
  2 bushes (D:9)
  10 fungi
  43 plants
56 creatures vanquished.

Grand Total: 541 creatures vanquished

Notes
Turn   | Place    | Note
-------+----------+-------------------------------------------
     0 | D:1      | Morbidden the Troll Venom Mage began the quest for the Orb.
     0 | D:1      | Reached XP level 1. HP: 16/16 MP: 1/1
   170 | D:1      | Reached XP level 2. HP: 24/24 MP: 2/2
   411 | D:1      | Learned a level 2 spell: Poisonous Vapours
   883 | D:1      | Reached XP level 3. HP: 31/32 MP: 4/4
   930 | D:1      | Reached skill level 1 in Transmutations
  1636 | D:2      | Noticed Jessica
  1643 | D:2      | Killed Jessica
  1644 | D:2      | Reached skill level 1 in Unarmed Combat
  1644 | D:2      | Reached XP level 4. HP: 36/40 MP: 0/5
  1811 | D:2      | Found a faded altar of an unknown god.
  2392 | D:3      | Reached skill level 1 in Fighting
  2878 | D:3      | Found a snail-covered altar of Cheibriados.
  2888 | D:3      | Became a worshipper of Cheibriados the Contemplative
  3006 | D:3      | Reached XP level 5. HP: 46/48 MP: 0/6
  3093 | D:3      | Reached skill level 1 in Invocations
  3105 | D:3      | Found a basalt altar of Yredelemnul.
  3415 | D:3      | Learned a level 3 spell: Spider Form
  3458 | D:3      | Reached * piety under Cheibriados
  3579 | D:4      | Noticed a phantom
  3600 | D:3      | Killed a phantom
  3601 | D:3      | Reached skill level 2 in Unarmed Combat
  3601 | D:3      | Reached XP level 6. HP: 49/55 MP: 8/8
  3756 | D:4      | Noticed Robin
  3783 | D:4      | Killed Robin
  3871 | D:4      | Found a transporter.
  4073 | D:4      | Reached skill level 1 in Air Magic
  4495 | D:4      | Reached ** piety under Cheibriados
  4537 | D:4      | Found an ornate altar of the Wu Jian Council.
  4605 | D:4      | Reached skill level 3 in Unarmed Combat
  4605 | D:4      | Reached XP level 7. HP: 11/63 MP: 2/9
  4934 | D:4      | Found a transporter.
  5174 | D:5      | Entered Level 5 of the Dungeon
  5276 | D:5      | Reached *** piety under Cheibriados
  5311 | D:5      | Noticed Duvessa
  5316 | D:5      | Noticed Dowan
  5328 | D:5      | Killed Duvessa
  5341 | D:5      | Killed Dowan
  5342 | D:5      | Reached XP level 8. HP: 40/72 MP: 2/10
  5370 | D:5      | Reached skill level 4 in Unarmed Combat
  5570 | D:5      | Found a hide-covered altar of Uskayaw.
  6207 | D:5      | Found a staircase to the Ecumenical Temple.
  6363 | D:6      | Found Cuycliat's Assorted Antiques.
  6371 | D:6      | Bought a scroll labelled IMUWIJAECW for 29 gold pieces
  6371 | D:6      | Bought a scroll labelled NUOGHI ICUISON for 29 gold pieces
  6371 | D:6      | Bought a bubbling red potion for 26 gold pieces
  6371 | D:6      | Bought a bubbling red potion for 26 gold pieces
  6371 | D:6      | Bought a murky coppery potion for 26 gold pieces
  6455 | D:6      | Found a sand-covered staircase.
  6462 | Ossuary  | Entered an ossuary
  6514 | Ossuary  | Reached **** piety under Cheibriados
  6985 | D:6      | Learned a level 7 spell: Storm Form
  6993 | D:6      | Reached skill level 5 in Unarmed Combat
  7187 | D:6      | Found a runed translucent door.
  7497 | D:6      | Noticed Crazy Yiuf
  7550 | D:7      | Reached XP level 9. HP: 64/80 MP: 10/13
  7576 | D:7      | Reached ***** piety under Cheibriados
  7625 | D:7      | Found a runed translucent gate.
  7625 | D:7      | Identified the +0 chain mail "Nukacw" {rF+ Dex+2}
  7626 | D:7      | Found a runed translucent gate.
  7627 | D:7      | Found a runed translucent gate.
  7627 | D:7      | Noticed bezhaha's ghost (novice DgEE)
  7726 | D:7      | Reached skill level 6 in Unarmed Combat
  7751 | D:7      | Found a flagged portal.
  7768 | Bailey   | Entered a bailey
  7836 | Bailey   | Noticed an orc knight
  7852 | Bailey   | Killed an orc knight
  7853 | Bailey   | Reached skill level 1 in Throwing
  7856 | Bailey   | Reached skill level 7 in Unarmed Combat
  7897 | Bailey   | Learned a level 4 spell: Olgreb's Toxic Radiance
  7906 | Bailey   | Reached XP level 10. HP: 89/91 MP: 2/14
  7923 | Bailey   | Found an iron altar of Okawaru.
  7946 | Bailey   | Learned a level 4 spell: Airstrike
  9502 | D:9      | Reached ****** piety under Cheibriados
  9554 | D:9      | Reached skill level 8 in Unarmed Combat
  9957 | D:9      | Reached skill level 5 in Invocations
  9972 | D:9      | Reached skill level 5 in Poison Magic
  9972 | D:9      | Reached XP level 11. HP: 46/98 MP: 3/16
 10047 | D:9      | Found a staircase to the Lair.
 10838 | Lair:1   | Entered Level 1 of the Lair of Beasts
 10840 | Lair:1   | Noticed a five-headed hydra
 10908 | D:10     | Entered Level 10 of the Dungeon
 11503 | D:10     | Noticed a two-headed ogre
 11516 | D:10     | Killed a two-headed ogre
 11517 | D:10     | Reached skill level 5 in Dodging
 11517 | D:10     | Reached skill level 9 in Unarmed Combat
 11633 | D:10     | Noticed a four-headed hydra
 11637 | D:10     | Noticed a centaur warrior
 11955 | D:10     | Found a staircase to the Orcish Mines.
 11985 | D:10     | Noticed a two-headed ogre
 11991 | D:10     | Killed a two-headed ogre
 12198 | D:10     | Noticed a boulder beetle
 12235 | D:10     | Killed a boulder beetle
 12349 | D:10     | Noticed a boulder beetle
 12363 | D:10     | Killed a boulder beetle
 12479 | D:10     | Killed a centaur warrior
 12502 | D:10     | Noticed an orc knight
 12513 | D:10     | Killed an orc knight
 12514 | D:10     | Reached XP level 12. HP: 99/109 MP: 18/18
 12529 | D:10     | Reached skill level 5 in Spellcasting
 13177 | D:11     | Noticed Erolcha
 14302 | D:12     | Noticed a two-headed ogre
 14312 | D:12     | Killed a two-headed ogre
 15232 | Lair:1   | Noticed Harold
 15247 | Lair:1   | Killed Harold
 15390 | Lair:1   | Found a runed translucent door.
 15401 | Lair:1   | Reached skill level 5 in Fighting
 15451 | Lair:1   | Noticed an eight-headed hydra
 15460 | Lair:1   | Killed an eight-headed hydra
 15673 | Lair:1   | Killed a five-headed hydra
 15815 | Lair:1   | Reached skill level 10 in Unarmed Combat
 16267 | Lair:1   | Reached XP level 13. HP: 118/118 MP: 11/21
 16275 | Lair:1   | Reached skill level 5 in Throwing
 16437 | Lair:1   | Found a runed translucent gate.
 16439 | Lair:1   | Found a runed translucent gate.
 16448 | Lair:1   | Found a runed translucent gate.
 16448 | Lair:1   | Found a runed translucent gate.
 16448 | Lair:1   | Found a runed translucent gate.
 16449 | Lair:1   | Found a runed translucent gate.
 16710 | Lair:2   | Identified the +5 hunting sling of Irksome Watchfulness
                  | {vorpal, +Blink rPois Int-5 Stlth-}
 16813 | Lair:2   | Noticed Urug
 16833 | Lair:2   | Demolished by Urug

Illustrated notes

Levels and vault maps discovered:
D:1:      psy_arrival_basics, layout_basic
D:2:      layout_loops_ring, shapermc_ecumenical_altar_mp_urbaneastern,
          uniq_jessica
D:3:      kb_forest_paths, layout_rooms, lemuel_zombie_altar_yredelemnul,
          cheibriados_altar_1
D:4:      gammafunk_cloud_chamber, layout_loops_ring,
          mainiacjoe_overflow_surrounded_room, lexackson_kobold_supper,
          uniq_robin
D:5:      layout_rooms, lemuel_round_altar, lemuel_temple_firewalk_a,
          uniq_duvessa
D:6:      corexii_shack_village, layout_basic, chequers_ossuary_entry_cave,
          nicolae_stop_n_shop_2, uniq_crazy_yiuf_cottage
D:7:      layout_cave_pools, enter_bailey_6, biasface_ghost_orc_armoury,
          grunt_ministairs_2
D:8:      layout_loops_corners
D:9:      layout_loops_corners, minmay_lair_entry_grove
D:10:     minmay_slanted_spiral_squares, layout_basic, zombieorc1_lemuel
D:11:     layout_basic, uniq_erolcha
D:12:     layout_basic
Lair:1:   gammafunk_indiana_jones, layout_gridlike, minivault_27,
          evilmike_ambush [evilmike_ambush_outer_basic,
          evilmike_ambush_inner_cross], uniq_harold
Lair:2:   layout_regular_city, minmay_snake_entry_guardpost_small,
          chequers_serial_rivers_room_b, chequers_serial_rivers_room_a,
          uniq_urug

Skill      XL: |  1  2  3  4  5  6  7  8  9 10 11 12 13 |
---------------+----------------------------------------+-----
Transmutations | 1 2 3 4 |  4.8
Unarmed Combat | 1 2 3 5 7 8 9 10 | 10.1
Fighting       | 1 2 3 4 5 |  5.2
Dodging        | 2 3 4 5 |  5.7
Invocations    | 1 2 3 4 5 6 |  6.5
Spellcasting   | 2 3 4 6 |  6.3
Air Magic      | 1 2 3 4 |  4.5
Poison Magic   | 3 4 5 6 |  6.2
Throwing       | 1 2 4 5 |  5.0
Armour         | |  0.7
Stealth        | |  1.7
Evocations     | |  0.2

Action                   |  1- 3 |  4- 6 |  7- 9 | 10-12 | 13-15 || total
-------------------------+-------+-------+-------+-------+-------++-------
Melee: Unarmed           |    82 |   145 |   359 |   452 |    23 ||  1061
       Punch             |       |     3 |     7 |    20 |       ||    30
Throw: Boomerang         |       |       |     8 |    55 |       ||    63
 Cast: Sting             |    23 |    51 |    10 |    11 |       ||    95
       Poisonous Vapours |       |    26 |    24 |     1 |       ||    51
       Spider Form       |       |     2 |    17 |    23 |     1 ||    43
       Olgreb's Toxic Ra |       |       |     3 |    65 |     8 ||    76
       Airstrike         |       |       |       |    65 |    21 ||    86
Invok: Slouch            |       |       |     1 |     4 |       ||     5
       Bend Time         |       |       |       |     1 |       ||     1
       Temporal Distorti |       |       |       |     1 |       ||     1
Evoke: Wand              |       |       |     3 |       |       ||     3
  Use: Potion            |       |       |     3 |     4 |       ||     7
       Scroll            |       |       |    15 |    12 |       ||    27
 Stab: Sleeping          |     3 |     2 |     3 |     2 |       ||    10
       Distracted        |       |       |       |     1 |       ||     1
Armor: Robe              |    37 |    41 |    57 |    18 |       ||   153
       Skin              |       |     1 |    12 |    10 |       ||    23
       Steam dragon scal |       |       |       |    32 |       ||    32
       Acid dragon scale |       |       |       |    11 |       ||    11
Dodge: Dodged            |    55 |    89 |   326 |   389 |    16 ||   875

Table legend: (Time is in decaauts)
 A = Elapsed time spent in this place.
 B = Non-inter-level travel time spent in this place.
 C = Inter-level travel time spent in this place.
 D = Time resting spent in this place.
 E = Time spent auto-exploring this place.
 F = Levels seen in this place.
 G = Mean time per level.
                   A        B        C        D        E       F      G
               +--------+--------+--------+--------+--------+-----+--------+
         Total |  23496 |  22388 |   1108 |   2502 |  15852 |  16 | 1468.5 |
       Dungeon |  20409 |  19353 |   1056 |   2251 |  13818 |  12 | 1700.8 |
          Lair |   2501 |   2449 |     52 |    227 |   1800 |   2 | 1250.5 |
       Ossuary |    257 |    257 |      0 |      0 |    127 |   1 |  257.0 |
        Bailey |    327 |    327 |      0 |     24 |    106 |   1 |  327.0 |
               +--------+--------+--------+--------+--------+-----+--------+

Top non-repeatable levels by time:
    D:10: 2751 daAuts
     D:9: 2426 daAuts
    D:11: 2424 daAuts
  Lair:1: 2040 daAuts
     D:4: 1902 daAuts
     D:8: 1740 daAuts
     D:6: 1607 daAuts
     D:5: 1436 daAuts
     D:3: 1356 daAuts
    D:12: 1312 daAuts
     D:2: 1227 daAuts
     D:1: 1162 daAuts
     D:7: 1061 daAuts
  Lair:2: 461 daAuts
  Bailey: 327 daAuts
